 Dungeon Crawl Stone Soup version 0.28.0-53-g5a82cb258f (webtiles) character file.

Game seed: 6430662715567697685

5 styxcanada the Sneak (level 1, -2/10 HPs)
             Began as a Spriggan Brigand on Aug 9, 2022.
             Frozen to death by an endoplasm (4 damage)
             ... on level 1 of the Dungeon.
             The game lasted 00:00:53 (381 turns).

styxcanada the Sneak (Spriggan Brigand)              Turns: 381, Time: 00:00:54

Health: -2/10      AC:  3    Str:  7    XL:     1   Next: 66%
Magic:  2/2        EV: 16    Int: 12    God:
Gold:   8          SH:  0    Dex: 16    Spells: 0/0 levels left

rFire   . . .      SeeInvis +   a - +2 dagger
rCold   . . .      Faith    .   (no shield)
rNeg    . . .      Spirit   .   b - +0 robe
rPois   .          Reflect  .   (helmet restricted)
rElec   .          Harm     .   c - +0 cloak
rCorr   .          Rampage  .   (gloves unavailable)
Will    .....                   (boots unavailable)
Stlth   +++.......              (no amulet)
HPRegen 0.03/turn               (no ring)
MPRegen 0.08/turn               (no ring)

@: very quick
A: very small, no large weapons, unfitting armour, see invisible, speed 3
a: no special abilities


You were on level 1 of the Dungeon.
You visited 1 branch of the dungeon, and saw 1 of its levels.

You collected 8 gold pieces.

Inventory:

Hand Weapons
 a - a +2 dagger (weapon)
Missiles
 d - 12 poisoned darts (quivered)
 e - 2 curare-tipped darts
Armour
 b - a +0 robe (worn)
 c - a +0 cloak (worn)
Scrolls
 g - a scroll of amnesia {unknown}
Potions
 f - a potion of mutation {unknown}
 h - a potion of might {unknown}


   Skills:
 * Level 1.5 Fighting
 + Level 2.1 Short Blades
 + Level 2.0 Throwing
 * Level 1.3 Dodging
 * Level 6.4 Stealth


You couldn't memorise any spells.
You didn't know any spells.
Your spell library contained the following spells:

 Spells                   Type           Power      Damage    Failure   Level
 Shock                    Conj/Air       0%         1d3       32%         1
 Swiftness                Air            0%         N/A       69%         3
 Airstrike                Air            0%         N/A       97%         4


Dungeon Overview and Level Annotations

Branches:
Dungeon (1/15)

Altars:


Innate Abilities, Weirdness & Mutations

You are very small and have problems with some larger weapons.
You are too small for most types of armour.
You have supernaturally acute eyesight. (SInv)
You cover ground extremely quickly. (Speed+++)


Message History

Done waiting.
A kobold comes into view. It is wielding a +0 short sword.
The helpless kobold fails to defend itself.
You impale the kobold!!
You kill the kobold!
Found a cyan potion.
Things that are here:
a +0 short sword; a kobold corpse
h - a cyan potion
Found a stone staircase leading down.
A ball python comes into view.
The helpless ball python fails to defend itself.
You impale the ball python!!
You kill the ball python!
An endoplasm comes into view.
The endoplasm quivers.
You see here a scroll labelled ASHURU WODOR.
You barely miss the endoplasm. The endoplasm freezes you.
You are frozen.
Ouch! That really hurt!
You hit the endoplasm but do no damage.
The endoplasm hits you but does no damage.
You barely miss the endoplasm. You hit the endoplasm.
The endoplasm is severely wounded.
The endoplasm freezes you.
You are frozen.
You hit the endoplasm.
The endoplasm is almost dead.
The endoplasm hits you but does no damage.
You hit the endoplasm but do no damage.
The endoplasm is almost dead.
The endoplasm hits you.
* * * LOW HITPOINT WARNING * * *
You hit the endoplasm but do no damage.
The endoplasm is almost dead.
The endoplasm freezes you.
You are frozen.
You die...

#......#.#
###.#.######.#.######
.....................
#..#.######.#.######
#.......###.#.######
#.........#.#.......
#####.......#.#.########
............#.#.#
#.J@.?..#.#.########
........$...............
....#.#.....#.#.########
...........##.#.########
...........#...........#
...........#...........#
....#.######...........#
.#..#. #........)...
#............


You could see an endoplasm.

Vanquished Creatures
  A ball python (D:1)
  2 hobgoblins (D:1)
  2 kobolds (D:1)
5 creatures vanquished.

Notes
Turn   | Place    | Note
-------+----------+-------------------------------------------
     0 | D:1      | styxcanada the Spriggan Brigand began the quest for the
                  | Orb.
     0 | D:1      | Reached XP level 1. HP: 10/10 MP: 2/2
    98 | D:1      | Reached skill level 6 in Stealth
   381 | D:1      | Frozen to death by an endoplasm

Illustrated notes

Levels and vault maps discovered:
D:1:      eino_arrival_cavern_a, layout_basic

Skill      XL: |  1 |
---------------+----+-----
Stealth        | 6 |  6.4
Fighting       | |  1.5
Short Blades   | |  2.1
Throwing       | |  2.0
Dodging        | |  1.3

Action                   || total
-------------------------++-------
Melee: Dagger            ||    18
 Stab: Sleeping          ||     4
Armor: Robe              ||     3
Dodge: Dodged            ||     4
